[Event "Early-Titled-Tuesday-Blitz-January-16-2024"]
[Site "Chess.com"]
[Date "2024.01.16"]
[Round "7"]
[White "Kostukov_Alex"]
[Black "FM_VS99"]
[Result "0-1"]
[WhiteElo "2309"]
[BlackElo "2501"]
[TimeControl "180+1"]
[EndTime "9:22:40 PST"]
[Termination "FM_VS99 won on time"]

1. g3 Nf6 2. Bg2 g6 3. c4 Bg7 4.
Nf3 O-O 5. O-O c5 6. d4 d5 7.
dxc5 Na6 8. cxd5 Qxd5 9. Be3 Qxd1 10. Rxd1 Ne4 11. Nc3 Bxc3 12. bxc3 Nxc3 13. Re1 Be6 14. Nd4 Bd5 15. Bh3 Nxc5 16. Rac1 N5a4 17. a3 e6 18. Bh6 Rfc8 19. f3 Rc4 20. Nc2 b6 21.
e4 Bb7 22. Bf1 Rcc8 23. Ne3 b5 24. Ng4 a5 25. Nf6+ Kh8 26. h4 b4 27. h5 gxh5 28. Kf2 b3 29. Bf4 b2 30. Rb1 Nxb1 31. Rxb1 Rc2+ 32. Ke3 Kg7 33. Be5 Kf8 34. Bb5 Rc1 0-1

[Event "Early-Titled-Tuesday-Blitz-January-16-2024"]
[Site "Chess.com"]
[Date "2024.01.16"]
[Round "7"]
[White "NM_Antelacus"]
[Black "LeoLV10"]
[Result "1-0"]
[WhiteElo "2160"]
[BlackElo "2411"]
[TimeControl "180+1"]
[EndTime "9:22:40 PST"]
[Termination "NM_Antelacus won by resignation"]

1. e4 c6 2. d4 d5 3. e5 c5 4.
dxc5 e6 5. Be3 Nd7 6. Nf3 Bxc5 7. Bxc5 Nxc5 8. Bd3 Ne7 9. O-O Ng6 10. Re1 Qc7 11. Nc3 a6 12. Qd2 Nd7 13. Qe3 b5 14. a3 Bb7 15. Na2 Qb6 16. c3 Qxe3 17. Rxe3 Ke7 18.
Nb4 h6 19. Nc2 Nf4 20. Bf1 g5 21. h3 Nc5 22. Ncd4 Rhg8 23. g3 Ng6 24. Ne1 Rac8 25.
Nd3 Nxd3 26. Bxd3 Nf8 27. Kh2 Nd7 28. f4 gxf4 29. gxf4 Nc5 30. Rg1 Na4 31. Re2 Rxg1 32. Kxg1 Rg8+ 33. Kh2 Nc5 34. Bc2 h5 35. Rg2 Rxg2+ 36.
Kxg2 f6 37. Kg3 Nd7 38. Nf3 fxe5 39. fxe5 a5 40. Kh4 d4 41. Nxd4 Nxe5 42. Kxh5 b4 43. axb4 axb4 44. cxb4 Kf6 45. Kh4 Nc4 46. b3 Ne3 47. Bd3 e5 48. Nb5 e4 49. Be2 Ke5 50. Kg5 Ng2 51. h4 Nf4 52. Bg4 e3 53. Nc3 Nd5 54.
Nxd5 Bxd5 55. b5 Bxb3 56. b6 Bd5 57. h5 Kd4 58. h6 Be4 59. h7 Bxh7 60. b7 Bf5 61. Kxf5 1-0

[Event "Early-Titled-Tuesday-Blitz-January-16-2024"]
[Site "Chess.com"]
[Date "2024.01.16"]
[Round "7"]
[White "GMKrikor"]
[Black "Aguiar94"]
[Result "1-0"]
[WhiteElo "2745"]
[BlackElo "2526"]
[TimeControl "180+1"]
[EndTime "9:22:41 PST"]
[Termination "GMKrikor won on time"]

1. Nf3 d5 2. c4 d4 3. b4 a5 4. b5 c5 5. bxc6 Nxc6 6. d3 Nf6 7. g3 g6 8. Bg2 Bg7 9. O-O O-O 10. Na3 h6 11.
Nb5 Re8 12. Rb1 e5 13. Nd2 e4 14. Nxe4 Nxe4 15. Bxe4 Rxe4 16. dxe4 Bh3 17. Re1 Qe7 18. f3 Rd8 19. Ba3 Qe6 20. Nc7 Qxc4 21. Nd5 Rxd5 22. exd5 Qxd5 23. Qd3 Ne5 24. Qe4 Qxa2 25. Bc5 Bf5 26.
Qxb7 Bxb1 27. Qxb1 Qd5 28. Qb8+ Kh7 29. Qd6 Qc4 30.
Bxd4 Nxf3+ 31. exf3 Bxd4+ 32. Kh1 Qd3 33. Qd5 Kg7 34.
Qe4 Qd2 35. Qe2 1-0

[Event "Early-Titled-Tuesday-Blitz-January-16-2024"]
[Site "Chess.com"]
[Date "2024.01.16"]
[Round "7"]
[White "ClayK1ng"]
[Black "Langua_Chess"]
[Result "1/2-1/2"]
[WhiteElo "2301"]
[BlackElo "2439"]
[TimeControl "180+1"]
[EndTime "9:22:41 PST"]
[Termination "Game drawn by repetition"]

1. e4 c5 2. Nf3 d6 3. d4 cxd4 4. Nxd4 Nf6 5. Nc3 a6 6. Be3 e5 7. Nb3 Ng4 8. Bc1 Qb6 9. Qe2 Be6 10. f3 Nf6 11. Be3 Qc7 12. Qd2 b5 13. Be2 Nbd7 14. O-O Rc8 15. Rac1 Be7 16. a4 b4 17. Nd5 Bxd5 18.
exd5 a5 19. c4 O-O 20. Bd3 g6 21. Rfe1 Nh5 22. Bh6 Rfe8 23. g4 Nf4 24. Bxf4 exf4 25. Re4 Ne5 26. Kg2 f5 27. gxf5 gxf5 28. Rxe5 dxe5 29.
Bxf5 Rcd8 30. Kh1 Kh8 31. Qd3 Bc5 32. Nxc5 Qxc5 33. Bxh7 Re7 34. Bg6 Rg8 35. Rg1 Reg7 36. Rg5 Rxg6 37. Rxg6 Rxg6 38. Qxg6 Qxc4 39. Qh6+ Kg8 40.
Qg6+ Kh8 41. Qe8+ Kh7 42. Qe7+ Kh6 43. Qf6+ Kh7 44. Qf5+ Kh6 45. Qh3+ Kg7 46. Qg4+ Kh7 47. Qh5+ Kg8 48. Qg6+ Kh8 1/2-1/2

[Event "Early-Titled-Tuesday-Blitz-January-16-2024"]
[Site "Chess.com"]
[Date "2024.01.16"]
[Round "7"]
[White "pfalcon1949"]
[Black "Reynold9402"]
[Result "1-0"]
[WhiteElo "1987"]
[BlackElo "2252"]
[TimeControl "180+1"]
[EndTime "9:22:41 PST"]
[Termination "pfalcon1949 won on time"]

1. e4 c5 2. Nf3 e6 3. d4 cxd4 4.
Nxd4 a6 5. Nc3 Qc7 6. Bd3 Nc6 7. Nb3 Nf6 8. Qe2 b5 9. a3 Bb7 10. Bd2 Bd6 11. h3 b4 12. axb4 Nxb4 13. O-O O-O 14. f4 Nxd3 15. cxd3 Be7 16. Nd4 d5 17. e5 Nd7 18.
Be3 a5 19. Rfc1 Qb8 20. Ncb5 Rc8 21. Rxc8+ Qxc8 22. Rc1 Qd8 23. Nc6 Bxc6 24. Rxc6 Rb8 25. d4 Nb6 26. b3 Bb4 27. Qc2 Rc8 28. Na7 Rxc6 29. Nxc6 Qc8 30. Nxb4 axb4 31. Qxc8+ Nxc8 32. Bd2 Na7 33. Bxb4 Nb5 34. Bc5 h6 35. Kf2 h5 36.
Ke3 Kh7 37. Kd3 h4 38. Bb4 Kg6 39. Be7 Kh5 40. Bf8 Kg6 41. Be7 Kf5 42. Bxh4 f6 43.
exf6 gxf6 44. g3 Kg6 45. g4 1-0

[Event "Early-Titled-Tuesday-Blitz-January-16-2024"]
[Site "Chess.com"]
[Date "2024.01.16"]
[Round "7"]
[White "anasta10"]
[Black "SahibSinghKnight"]
[Result "1/2-1/2"]
[WhiteElo "2516"]
[BlackElo "2670"]
[TimeControl "180+1"]
[EndTime "9:22:42 PST"]
[Termination "Game drawn by repetition"]

1. c4 e5 2. Nc3 Nc6 3. g3 g6 4. Bg2 Bg7 5. Nf3 Nge7 6. O-O d6 7. d3 O-O 8. Rb1 a5 9. Ne1 Be6 10. Nc2 d5 11. cxd5 Nxd5 12. a3 f5 13. Bd2 Kh8 14. Qc1 Qd7 15. b4 axb4 16. axb4 Nxc3 17. Bxc3 Rab8 18.
b5 Nd4 19. Nxd4 exd4 20. Bd2 Rfc8 21. Bf4 Bd5 22. Qc5 Bxg2 23. Kxg2 b6 24. Qc4 Ra8 25.
Rfc1 Qe7 26. Rc2 Ra5 27. h4 c5 28. bxc6 Rc5 29. Qa4 Qe6 30. Rxc5 bxc5 31. c7 Be5 32. Rb8 Bxf4 33. gxf4 Kg7 34. Rxc8 Qxc8 35. Qc6 Kh6 36. Qxc5 Kh5 37. Qe7 h6 38. f3 Qb7 39. Kf2 Qc6 40. Qd8 Qc1 41. c8=Q Qe3+ 42. Kf1 Qxf4 43. Qc2 Qh2 44.
Ke1 Qg1+ 45. Kd2 Qe3+ 46. Kd1 Qg1+ 47. Kd2 Qe3+ 48. Ke1 Qg1+ 49. Kd2 1/2-1/2

[Event "Early-Titled-Tuesday-Blitz-January-16-2024"]
[Site "Chess.com"]
[Date "2024.01.16"]
[Round "7"]
[White "deribas12345"]
[Black "Thursday_the_14_th"]
[Result "0-1"]
[WhiteElo "2489"]
[BlackElo "2633"]
[TimeControl "180+1"]
[EndTime "9:22:42 PST"]
[Termination "Thursday_the_14_th won on time"]

1. d4 Nf6 2. c4 e6 3. Nc3 d5 4. cxd5 exd5 5. Bg5 Be7 6. e3 O-O 7. Bd3 h6 8. Bh4 c6 9. Nge2 Nbd7 10. Qc2 Re8 11. O-O Nf8 12. f3 b6 13. e4 dxe4 14.
fxe4 Bb7 15. e5 Nd5 16. Bxe7 Qxe7 17. Nxd5 cxd5 18. Nc3 Ne6 19. Qf2 a6 20. Rad1 b5 21.
a3 Rac8 22. Kh1 Rc7 23. Bb1 b4 24. axb4 Qxb4 25. Rd3 Ng5 26. Rg3 Qe7 27. Qf4 Qe6 28.
Bf5 Qc6 29. h4 Nh7 30. Qg4 g6 31. e6 Nf8 32. Bxg6 fxg6 33. Rxf8+ Kxf8 34. Qxg6 Ke7 35. Qxh6 Kd8 36. Rg6 Rce7 37. Qf4 Kc8 38. Qf5 Rxe6 39. Rg7 Kb8 40. Qf4+ Qd6 41. Qf7 Re1+ 0-1

[Event "Early-Titled-Tuesday-Blitz-January-16-2024"]
[Site "Chess.com"]
[Date "2024.01.16"]
[Round "7"]
[White "Louis-Paulsen-Fan"]
[Black "whitemirrorninja"]
[Result "0-1"]
[WhiteElo "2315"]
[BlackElo "2494"]
[TimeControl "180+1"]
[EndTime "9:22:42 PST"]
[Termination "whitemirrorninja won by checkmate"]

1. d4 c5 2. d5 e5 3. c4 d6 4. Nc3 Be7 5. e4 h6 6. g3 Bg5 7. Bg2 Bxc1 8. Rxc1 Ne7 9. Nh3 O-O 10. O-O f5 11. f4 fxe4 12. fxe5 Rxf1+ 13. Qxf1 dxe5 14. Bxe4 Qf8 15. Qg2 Bxh3 16. Qxh3 Qc8 17. Qxc8+ Nxc8 18. Nb5 Nd7 19. d6 Rb8 20. Bd5+ Kf8 21. Rf1+ Nf6 22. d7 Nb6 23. Bxb7 Nxd7 24. Bc6 Ke7 25. b3 a6 26. Nc7 Kd6 27. Bxd7 Kxc7 28. Be6 Rd8 29. Re1 e4 30. Bf5 Rd4 31. Kf2 Kd6 32. g4 Ke5 33.
Re2 Kf4 34. h3 Rd3 35. Bc8 Rxh3 36. Bxa6 Nxg4+ 37. Kg1 Rg3+ 38. Kf1 Kf3 39. Rb2 Rh3 40. Kg1 Rg3+ 41. Kf1 Ne3+ 42. Ke1 Rg1+ 43. Kd2 Rd1+ 44. Kc3 Rd3# 0-1

[Event "Early-Titled-Tuesday-Blitz-January-16-2024"]
[Site "Chess.com"]
[Date "2024.01.16"]
[Round "7"]
[White "Seochesspie"]
[Black "Alexei_Gubajdullin"]
[Result "1-0"]
[WhiteElo "2809"]
[BlackElo "2641"]
[TimeControl "180+1"]
[EndTime "9:22:43 PST"]
[Termination "Seochesspie won on time"]

1. e4 e5 2. Nf3 Nf6 3. d4 Nxe4 4. Bd3 Nc6 5. Nxe5 Nxe5 6. dxe5 d5 7. O-O Nc5 8. Be3 Nxd3 9. Qxd3 g6 10. Nc3 c6 11.
f4 Bf5 12. Qd2 Bb4 13. a3 Be7 14. Ne2 O-O 15. Nd4 Qd7 16. b4 f6 17. Nxf5 Qxf5 18.
Bd4 b6 19. Rae1 Rad8 20. h3 c5 21. bxc5 bxc5 22. exf6 Bxf6 23. Bxc5 Rf7 24. c3 Rc7 25. Bd4 Rc4 26. Bxf6 Qxf6 27. Re5 d4 28. Qa2 Qc6 29.
cxd4 Rxd4 30. Kh2 Kg7 31. Re7+ Kh6 32. Qe2 Qd6 33. Re6 Qc7 34. Re7 Qd6 35. Re6 Qc7 36.
Rf6 Rxf4 37. R1xf4 Rxf4 38. Qe3 Kg5 39. Rf8 1-0

[Event "Early-Titled-Tuesday-Blitz-January-16-2024"]
[Site "Chess.com"]
[Date "2024.01.16"]
[Round "7"]
[White "Carlitus2004"]
[Black "Viktor_Poddubnyi"]
[Result "1-0"]
[WhiteElo "2442"]
[BlackElo "2292"]
[TimeControl "180+1"]
[EndTime "9:22:43 PST"]
[Termination "Carlitus2004 won on time"]

1. e4 g6 2. d4 Bg7 3. Nf3 d6 4. h3 Nf6 5. Bd3 Nc6 6. c3 e5 7.
O-O O-O 8. Re1 h6 9. Be3 Qe7 10.
Nbd2 Nh5 11. a4 a5 12. Bb5 Nf4 13. Kh2 g5 14. Bf1 g4 15. Ng1 gxh3 16. g3 Ng2 17.
Bxg2 hxg2 18. d5 Nd8 19. f3 f5 20. exf5 Bxf5 21. Ne4 Nf7 22. Kxg2 Ng5 23. Bxg5 hxg5 24.
Nh3 Bf6 25. Nhf2 Rf7 26. Ng4 Bxg4 27. fxg4 Raf8 28. Rf1 Bg7 29. Qe2 c6 30. c4 cxd5 31. cxd5 Rxf1 32. Rxf1 Rxf1 33. Qxf1 Qc7 34. Qd3 Qb6 35. Qd2 Qb3 36. Nxg5 Qxa4 37. Ne6 Qxg4 38. Qc2 e4 39. Qd2 Be5 40. Qf2 1-0

[Event "Early-Titled-Tuesday-Blitz-January-16-2024"]
[Site "Chess.com"]
[Date "2024.01.16"]
[Round "7"]
[White "Brahianzevich"]
[Black "tteshan"]
[Result "0-1"]
[WhiteElo "2432"]
[BlackElo "2597"]
[TimeControl "180+1"]
[EndTime "9:22:44 PST"]
[Termination "tteshan won on time"]

1. e4 c5 2. Nf3 Nc6 3. d4 cxd4 4. Nxd4 g6 5. Nc3 Bg7 6. Nde2 Nf6 7. g3 O-O 8. Bg2 d6 9. O-O a6 10. a4 h5 11. h3 Bd7 12. Nd5 Nxd5 13. exd5 Ne5 14. Ra2 Rc8 15. b3 f6 16. a5 Nf7 17. c4 Kh7 18. Nd4 Bh6 19. Bxh6 Nxh6 20. Re1 Rc5 21.
Qd3 Rf7 22. b4 Rc8 23. Ne6 Qg8 24. Rae2 Nf5 25. Bf3 Ng7 26. Nxg7 Qxg7 27. Bxh5 Bf5 28. Qf3 Rxc4 29. Bg4 Bxg4 30. hxg4 Kg8 31. Re4 Rxe4 32. Qxe4 Qh6 33. Kg2 Rh7 34. Qe6+ Rf7 35. Rh1 Qg5 36. Rh8+ Kxh8 37. Qxf7 Qe5 38. Qxg6 Qxd5+ 39. Kh2 Qe5 40.
Qe8+ Kg7 41. Qc8 d5 42. Qxb7 d4 0-1

[Event "Early-Titled-Tuesday-Blitz-January-16-2024"]
[Site "Chess.com"]
[Date "2024.01.16"]
[Round "7"]
[White "N4700000"]
[Black "mertfelin"]
[Result "1-0"]
[WhiteElo "2415"]
[BlackElo "2220"]
[TimeControl "180+1"]
[EndTime "9:22:44 PST"]
[Termination "N4700000 won by resignation"]

1. e4 e5 2. Nf3 Nc6 3. Bc4 Bc5 4. c3 Nf6 5. d4 exd4 6. cxd4 Bb4+ 7. Nbd2 d5 8. exd5 Nxd5 9. O-O O-O 10. a3 Be7 11.
Ne4 Bg4 12. Be3 Re8 13. h3 Bh5 14. Ng3 Bg6 15. Rc1 Bf6 16. Re1 Qd7 17. Bb5 Rad8 18. Qa4 Nxe3 19. fxe3 Re7 20. Bxc6 bxc6 21. Qxc6 Qxc6 22.
Rxc6 Rde8 23. Kf2 h6 24. b4 a5 25. bxa5 Ra8 26. a6 Bd3 27. Rec1 Ra7 28. R1c3 Bxa6 29. Nf5 Rd7 30. Nxh6+ Kh7 31. Ng4 Bd8 32. R3c5 Re7 33.
Rh5+ Kg8 34. Nge5 Bc8 35. Rc3 Ra5 36. g4 Rb5 37. Nc6 Rb2+ 38. Kg3 Rd7 39. Nfe5 Rd5 40. Nxd8 Rxd8 41. Nc6 Re8 42. Re5 Be6 43. d5 Bd7 44.
Rxe8+ Bxe8 45. Ne7+ Kf8 46. Rxc7 Rb3 47. Kf4 Rd3 48. e4 Rxh3 49. Ra7 Rd3 50. Nf5 g6 51.
Nd6 1-0

[Event "Early-Titled-Tuesday-Blitz-January-16-2024"]
[Site "Chess.com"]
[Date "2024.01.16"]
[Round "7"]
[White "Yaacovn"]
[Black "evgchess5"]
[Result "0-1"]
[WhiteElo "2886"]
[BlackElo "2985"]
[TimeControl "180+1"]
[EndTime "9:22:46 PST"]
[Termination "evgchess5 won on time"]

1. d4 Nf6 2. e3 e6 3. Bd3 c5 4. c3 d5 5. Nd2 Bd6 6. f4 cxd4 7. cxd4 O-O 8. Ngf3 b6 9. Qe2 a5 10.
e4 dxe4 11. Nxe4 Bb4+ 12. Bd2 Bxd2+ 13. Qxd2 Bb7 14. Nfg5 Nxe4 15. Bxe4 Bxe4 16. Nxe4 Nc6 17. Rd1 Qh4+ 18. g3 Qh5 19. Qg2 Qd5 20. O-O Rfd8 21. Nc3 Qxg2+ 22. Kxg2 Nxd4 23. Rd3 Kf8 24. Rfd1 Nc6 25.
Rd6 Rxd6 26. Rxd6 Rc8 27. Na4 Ke7 28. Rd2 b5 29. Nc3 b4 30. Ne4 Nd8 31. Kf3 Nb7 32. g4 Rc7 33. h4 h6 34. h5 Nc5 35. Rc2 Na6 36. Rd2 Nb8 37. g5 Nc6 38. gxh6 gxh6 39.
Ke3 f5 40. Nc5 Nd8 41. Nd3 Nf7 42. Rg2 Rc8 43. Rg6 Rc4 0-1

[Event "Early-Titled-Tuesday-Blitz-January-16-2024"]
[Site "Chess.com"]
[Date "2024.01.16"]
[Round "7"]
[White "NewBornNow"]
[Black "NMJeevanK"]
[Result "1-0"]
[WhiteElo "2784"]
[BlackElo "2582"]
[TimeControl "180+1"]
[EndTime "9:22:46 PST"]
[Termination "NewBornNow won by resignation"]

1. e4 e5 2. Nf3 Nc6 3. Bc4 Be7 4. d4 d6 5. dxe5 dxe5 6. Qxd8+ Bxd8 7. Bb5 Bd7 8. c3 f6 9. O-O Be7 10. Be3 a6 11. Bc4 Bd6 12. b4 Nge7 13. a4 Ng6 14.
Nbd2 Nf4 15. g3 Ng6 16. Kg2 Ke7 17. Rfd1 Nf8 18. Nb3 Be6 19. Nfd2 Nd8 20. Nc5 Bxc4 21. Nxc4 Nfe6 22. Nb3 Nf7 23. Nba5 b5 24. Na3 bxa4 25. N3c4 h5 26. Rxa4 h4 27. Rda1 hxg3 28. hxg3 Kd7 29.
Nb3 Nfg5 30. Ncd2 Rh5 31. Rxa6 Rah8 32. Kf1 Rh2 33. Ke2 Nh3 34. b5 Rb8 35. c4 Bb4 36.
Nf3 Rg2 37. Kf1 Nhf4 38. gxf4 Rg4 39. fxe5 Rh8 40. exf6 gxf6 41. Rd1+ Ke7 42. Rc6 Nf4 43. Bxf4 Rxf4 44. Rxc7+ Ke6 45. Nbd4+ Kd6 46. Rc6+ Ke7 47. Nf5+ Kf7 48. Rd7+ Kg6 49. Rg7+ Kh5 50. Rxf6 Rxf3 51. Ng3+ Rxg3 52. Rxg3 Kh4 53. Rf4+ 1-0

[Event "Early-Titled-Tuesday-Blitz-January-16-2024"]
[Site "Chess.com"]
[Date "2024.01.16"]
[Round "7"]
[White "nindjaxx8"]
[Black "I_am_Javi"]
[Result "0-1"]
[WhiteElo "2575"]
[BlackElo "2783"]
[TimeControl "180+1"]
[EndTime "9:22:46 PST"]
[Termination "I_am_Javi won on time"]

1. d4 Nf6 2. c4 e6 3. Nc3 Bb4 4. Qc2 c5 5. dxc5 Bxc5 6. Nf3 Nc6 7. Bg5 h6 8. Bh4 g5 9. Bg3 d5 10. cxd5 Nxd5 11. Rd1 Qa5 12. e3 Bb4 13. Bc4 Nxc3 14. bxc3 Bxc3+ 15. Kf1 O-O 16. h4 g4 17. Nd2 Bg7 18. Nb3 Qc3 19. Qe2 h5 20. Kg1 a6 21.
Bd3 Ne5 22. Bb1 Qc4 23. Qd2 b5 24. Rc1 Qd5 25. Qc2 Ng6 26. e4 Qd8 27. Qe2 Bb7 28. Nc5 Rc8 29. Rd1 Qb6 30. Nd7 Qc6 31. Nxf8 Bxf8 32. Kh2 Bc5 33. Rd2 Qb6 34. Rhd1 Bb4 35.
Rd7 Bc6 36. R7d3 Bc5 37. e5 b4 38. R3d2 Bb5 39. Qe3 Bxe3 40. fxe3 Qxe3 41. Rd8+ Rxd8 42. Rxd8+ Kg7 43. Bxg6 Kxg6 44. Rd3 Qxd3 0-1

[Event "Early-Titled-Tuesday-Blitz-January-16-2024"]
[Site "Chess.com"]
[Date "2024.01.16"]
[Round "7"]
[White "JMCadavid1998"]
[Black "Barmen_EV"]
[Result "1-0"]
[WhiteElo "2240"]
[BlackElo "2526"]
[TimeControl "180+1"]
[EndTime "9:22:46 PST"]
[Termination "JMCadavid1998 won on time"]

1. d4 f5 2. e4 fxe4 3. Nc3 Nf6 4. Bg5 g6 5. f3 e3 6. Bxe3 Bg7 7. Qd2 d6 8. O-O-O O-O 9. Bh6 Nc6 10. Nge2 e5 11. Bxg7 Kxg7 12. dxe5 dxe5 13. Qxd8 Rxd8 14. Rxd8 Nxd8 15.
Ng3 Be6 16. Be2 Nc6 17. Rd1 Nd4 18. Bd3 c6 19. Nce4 Nd5 20. Nc5 Bc8 21. Re1 b6 22.
Nb3 Nf4 23. Nxd4 exd4 24. Re7+ Kf6 25. Rxh7 Nxg2 26. Ne4+ Ke5 27. Re7+ Kf4 28. Rf7+ Ke3 29. Nd6 Bh3 30. Bxg6 Rg8 31. Be4 Nf4 32. b3 c5 33.
Nc4+ Kf2 34. Rxf4 Rg1+ 35. Kb2 b5 36. Nd6 Be6 37. Nxb5 Ke3 38. Rf6 Bd7 39. Nd6 Rg2 40. Nc4+ Ke2 41. f4 Rxh2 42. f5 Kd1 43. Rf7 Bc6 44. Bxc6 d3 45. Be4 Rxc2+ 46. Ka3 d2 47. Bxc2+ Kc1 48. Ne3 1-0

[Event "Early-Titled-Tuesday-Blitz-January-16-2024"]
[Site "Chess.com"]
[Date "2024.01.16"]
[Round "7"]
[White "Ezov"]
[Black "DonJuanEGenaro"]
[Result "0-1"]
[WhiteElo "2221"]
[BlackElo "1886"]
[TimeControl "180+1"]
[EndTime "9:22:47 PST"]
[Termination "DonJuanEGenaro won on time"]

1. d4 d5 2. Nc3 Nf6 3. Bf4 c6 4. Qd2 Bf5 5. O-O-O a5 6. f3 a4 7. g4 Bg6 8. h4 h6 9. e3 e6 10. Bd3 a3 11. b3 Bb4 12. Bxg6 fxg6 13. Qd3 Kf8 14. Nge2 Qe8 15. Na4 b5 16. Nc5 Bxc5 17. dxc5 Nbd7 18. Bd6+ Kg8 19. e4 dxe4 20. fxe4 Nxg4 21.
Qg3 h5 22. Nd4 Ndf6 23. Rde1 Kh7 24. Rhf1 Qd7 25. Rf3 Rae8 26. e5 Nd5 27. Ref1 Qa7 28. Rf7 Qa5 29. Nxc6 Qa8 30. Nd4 Nb4 31. Kb1 Qe4 32. R7f2 Qxd4 33. c3 Qe4+ 34. Ka1 Nc2+ 35. Kb1 Nce3+ 36. Ka1 Nxf1 37. Rxf1 Qc2 0-1

[Event "Early-Titled-Tuesday-Blitz-January-16-2024"]
[Site "Chess.com"]
[Date "2024.01.16"]
[Round "7"]
[White "tptagain"]
[Black "Durarbayli"]
[Result "1-0"]
[WhiteElo "2963"]
[BlackElo "2842"]
[TimeControl "180+1"]
[EndTime "9:22:48 PST"]
[Termination "tptagain won on time"]

1. Nf3 Nf6 2. b3 d5 3. Bb2 c5 4. e3 a6 5. g3 Nc6 6. Bg2 Bg4 7.
h3 Bh5 8. g4 Bg6 9. Nh4 e5 10. d3 Qd6 11. g5 Nd7 12. Nc3 d4 13. Ne4 Bxe4 14. Bxe4 g6 15. Qg4 h6 16. Nf3 hxg5 17.
Qxg5 Bh6 18. Qh4 f5 19. Bxc6 Qxc6 20. Ke2 Kf7 21. Ng5+ Bxg5 22. Qxg5 Rae8 23. Rag1 Rh5 24. Qg3 e4 25. Kd2 exd3 26. cxd3 Ne5 27. Kc2 Nf3 28. Rd1 dxe3 29. fxe3 Rxe3 30. Qf4 Re2+ 31. Kb1 Rh4 32. Qb8 Nd4 33. Rc1 Re8 34. Qg3 Rh6 35. Qf4 Rh5 36. Rhe1 Ne2 37. Qc4+ Qe6 38. Qxc5 f4 39.
Qc7+ Re7 40. Qb8 Qd5 41. Rxe2 Rxe2 42. Qxf4+ Rf5 43. Qc7+ Re7 44. Qc3 Rf3 45. Qg7+ Ke8 46. Qh8+ Kf7 47. Qh7+ Ke6 48. Qg8+ Kd6 49. Ba3+ 1-0

[Event "Early-Titled-Tuesday-Blitz-January-16-2024"]
[Site "Chess.com"]
[Date "2024.01.16"]
[Round "7"]
[White "Bigfish1995"]
[Black "Bauman_Guy"]
[Result "1-0"]
[WhiteElo "3043"]
[BlackElo "2918"]
[TimeControl "180+1"]
[EndTime "9:22:49 PST"]
[Termination "Bigfish1995 won by resignation"]

1. e4 c5 2. Nf3 d6 3. d4 cxd4 4. Nxd4 Nf6 5. Nc3 a6 6. g3 e5 7. Nf3 Be7 8. Nh4 g6 9. Bg2 b5 10. a4 b4 11. Nd5 Nxd5 12. Qxd5 Ra7 13. Be3 Rb7 14. O-O Qc7 15. Bh6 Be6 16. Qd2 Nc6 17. f4 Nd4 18. f5 Bc4 19. Rf2 Bxh4 20. gxh4 gxf5 21. Qg5 Qd8 22. b3 f6 23. Qd2 Bf7 24. Be3 Nc6 25. Rxf5 Be6 26. Rf3 Rg8 27. Raf1 Rbg7 28.
R1f2 d5 29. Bh6 dxe4 30. Qxd8+ Kxd8 31. Rxf6 Rg6 32. Rxg6 Rxg6 33. Bg5+ Kc7 34. Bxe4 Rg7 35. Rf6 Bd7 36. Rh6 Nd4 37. Rxh7 Rg8 38. Kf2 Kd6 39.
Rh6+ Be6 40. Rf6 Rc8 41. h5 Nxc2 42. h6 Nd4 43. h7 Rh8 44. Rh6 Nxb3 45. Bf6 Rxh7 46.
Rxh7 Nc5 47. Be7+ 1-0

[Event "Early-Titled-Tuesday-Blitz-January-16-2024"]
[Site "Chess.com"]
[Date "2024.01.16"]
[Round "7"]
[White "Iskusnyh"]
[Black "ATM622"]
[Result "1-0"]
[WhiteElo "2641"]
[BlackElo "2491"]
[TimeControl "180+1"]
[EndTime "9:22:49 PST"]
[Termination "Iskusnyh won by resignation"]

1. d4 d5 2. c4 e6 3. Nf3 Nf6 4. g3 Be7 5. Bg2 O-O 6. O-O dxc4 7.
Na3 c5 8. Nxc4 cxd4 9. Qxd4 Nc6 10. Qxd8 Rxd8 11. Nfe5 Nd4 12. e3 Ne2+ 13. Kh1 Nxc1 14. Raxc1 Rb8 15. Rfd1 Nd7 16. Nxd7 Bxd7 17. Na5 b6 18.
Nb7 Rdc8 19. Rxc8+ Bxc8 20. Nd8 Kf8 21. Nc6 Rb7 22. b4 Rc7 23. b5 a6 24. a4 a5 25.
Bf3 g6 26. h4 h5 27. Kg2 Bc5 28. Rc1 Bb7 29. Rc4 Bxc6 30. bxc6 Ke7 31. Kf1 Kd6 32. Ke2 f5 33. Rc1 Ke7 34. Kd3 e5 35. Bd5 e4+ 36. Kc4 Kd6 37. Rd1 Ke5 38. Kb5 Re7 39. Bc4 Rc7 40.
Rd5+ Kf6 41. Rxc5 bxc5 42. Kb6 Rc8 43. c7 Ke7 44. Ba6 Kd7 45. Bxc8+ Kxc8 46. Kxc5 Kxc7 47. Kb5 Kb7 48. Kxa5 f4 49. gxf4 g5 50. fxg5 1-0

[Event "Early-Titled-Tuesday-Blitz-January-16-2024"]
[Site "Chess.com"]
[Date "2024.01.16"]
[Round "7"]
[White "Cambek64"]
[Black "bazar-wokzal"]
[Result "1-0"]
[WhiteElo "2458"]
[BlackElo "2587"]
[TimeControl "180+1"]
[EndTime "9:22:50 PST"]
[Termination "Cambek64 won by resignation"]

1. e4 c5 2. Nf3 d6 3. c3 Nf6 4. Be2 Bd7 5. d3 g6 6. O-O Bg7 7. Re1 O-O 8. Bf1 Bc6 9. Nbd2 e5 10. d4 cxd4 11. cxd4 exd4 12. Nxd4 Re8 13. Nxc6 Nxc6 14. Bc4 d5 15. exd5 Rxe1+ 16. Qxe1 Nxd5 17. Nf3 Rc8 18. Bg5 Nf6 19. Rd1 Qe7 20. Qxe7 Nxe7 21. b3 a6 22. Ne5 h6 23. Bxf6 Bxf6 24. Nxf7 Rxc4 25. Nxh6+ Kg7 26. bxc4 Kxh6 27. Rd6 Kg7 28. Rb6 Bd4 29. Rxb7 Kf6 30.
Rc7 Ke6 31. g3 Kd6 32. Rb7 Nc6 33. Kg2 Kc5 34. Rc7 Kd6 35. Rc8 Ne7 36. Ra8 Kc5 37. Rxa6 Kxc4 38. Re6 Bc5 39. h4 Kd5 40. Ra6 Nc6 41.
f4 Bb4 42. a3 Bd6 43. Kh3 Kc5 44. Kg4 Be7 45. h5 gxh5+ 46. Kxh5 Kb5 47. Ra8 Na5 48. g4 Bxa3 49. g5 Bb2 50. f5 Nc6 51. f6 Kc5 52.
f7 1-0

[Event "Early-Titled-Tuesday-Blitz-January-16-2024"]
[Site "Chess.com"]
[Date "2024.01.16"]
[Round "7"]
[White "InitiatingASC"]
[Black "missponyo10"]
[Result "1-0"]
[WhiteElo "2429"]
[BlackElo "2269"]
[TimeControl "180+1"]
[EndTime "9:22:52 PST"]
[Termination "InitiatingASC won by checkmate"]

1. d4 Nf6 2. c4 g6 3. Nf3 Bg7 4. g3 O-O 5. Bg2 d6 6. O-O Nbd7 7. Nbd2 e5 8. dxe5 dxe5 9. Rb1 c6 10. b3 Qc7 11.
Bb2 Re8 12. Ne1 Nf8 13. e4 Bg4 14. f3 Be6 15. Qe2 Rad8 16. Nc2 g5 17. h3 Ng6 18. Kh2 h6 19. Rfd1 Bf8 20. Nf1 a5 21. Nfe3 Qc8 22. Ng4 Bxg4 23. hxg4 Bg7 24. Ne3 Qc7 25. Nf5 Bf8 26.
Qe3 Ne7 27. c5 Nxf5 28. gxf5 Qe7 29. Ba3 Nd7 30. Rbc1 b6 31. Rd6 bxc5 32. Rxc6 Rc8 33.
Rxc8 Rxc8 34. Bf1 Nf6 35. g4 Qd6 36. Kg3 Be7 37. Qd3 Qxd3 38. Bxd3 Nd7 39. Ba6 Rc7 40. Rd1 Kf8 41. Rd5 f6 42. Rd2 Ke8 43. Bb5 Kd8 44.
Kf2 Kc8 45. Ke3 Nb6 46. Rh2 Bf8 47. Rd2 Na8 48. Ba6+ Kb8 49. Rd8+ Ka7 50. Rxf8 Kxa6 51. Rxa8+ Kb5 52. Rd8 a4 53. bxa4+ Kxa4 54. Ra8+ Kb5 55. Rb8+ Ka4 56. Bb2 c4 57. Bc3 Ka3 58. Ra8+ Ra7 59. Rxa7# 1-0

[Event "Early-Titled-Tuesday-Blitz-January-16-2024"]
[Site "Chess.com"]
[Date "2024.01.16"]
[Round "7"]
[White "bancsoo"]
[Black "HPanesso"]
[Result "1-0"]
[WhiteElo "2940"]
[BlackElo "2657"]
[TimeControl "180+1"]
[EndTime "9:22:53 PST"]
[Termination "bancsoo won on time"]

1. Nf3 c5 2. c4 Nc6 3. Nc3 e5 4. g3 g6 5. Bg2 Bg7 6. O-O Nge7 7. d3 O-O 8. a3 d6 9. Rb1 a5 10. Bd2 Bf5 11. Ne1 Qd7 12. Nc2 Bh3 13. b4 Bxg2 14. Kxg2 axb4 15. axb4 b6 16. b5 Nd4 17. Ne3 Qb7+ 18.
f3 Bh6 19. Ned5 Bxd2 20. Qxd2 f5 21. Nxe7+ Qxe7 22. Nd5 Qb7 23. f4 e4 24. dxe4 fxe4 25.
e3 Nf5 26. Ra1 Kf7 27. Qb2 Ke6 28. Ra6 Rxa6 29. bxa6 Qa7 30. Qb5 Rc8 31. Rb1 Ne7 32.
Qxb6 Qxb6 33. Nxb6 Rc7 34. Ra1 Ra7 35. g4 Nc6 36. Nc8 Ra8 37. a7 Kf7 38. Ra6 Rxc8 39. a8=Q Rxa8 40. Rxa8 Nb4 41. Ra7+ Ke6 42. Rxh7 Nc2 43.
Kf2 Na3 44. Rh6 Kf7 45. f5 gxf5 46. Rxd6 fxg4 47. Rd5 Nxc4 48. Rxc5 Nb2 49. Kg3 Nd1 50. Kf4 Nf2 51. Rc2 1-0